 Dungeon Crawl Stone Soup version 0.24-a0-317-g5cb8de4 (webtiles) character file.

Game seed: 11989917242695409053

37 MisterFreud the Cudgeler (level 3, -1/29 HPs)
             Began as a Formicid Abyssal Knight on May 16, 2019.
             Was a Follower of Lugonu.
             Slain by a leopard gecko (4 damage)
             ... on level 2 of the Dungeon.
             The game lasted 00:02:25 (1274 turns).

MisterFreud the Cudgeler (Formicid Abyssal Knight)  Turns: 1274, Time: 00:02:26

Health: -1/29      AC:  3    Str: 17    XL:     3   Next: 62%
Magic:  4/4        EV: 11    Int: 11    God:    Lugonu [*.....]
Gold:   35         SH:  0    Dex: 10    Spells: 2/2 levels left

rFire    . . .     SeeInvis +   a - +1 mace
rCold    . . .     Gourm    .   (no shield)
rNeg     . . .     Faith    .   b - +0 leather armour
rPois    .         Spirit   .   (helmet unavailable)
rElec    .         Reflect  .   (no cloak)
rCorr    .         Harm     .   (no gloves)
MR       .....                  (no boots)
Stlth    +.........             (no amulet)
HPRegen  0.09/turn              (no ring)
MPRegen  0.09/turn              (no ring)

@: no status effects
A: permanent stasis, dig shafts and tunnels, four strong arms, antennae 3
a: Dig, Shaft Self, Depart the Abyss, Renounce Religion


You were on level 2 of the Dungeon.
You worshipped Lugonu.
Lugonu was aware of your devotion.
You were not hungry.

You visited 1 branch of the dungeon, and saw 2 of its levels.
You visited the Abyss 1 time.

You collected 35 gold pieces.

Inventory:

Hand Weapons
 a - a +1 mace (weapon)
Armour
 b - a +0 leather armour (worn)
Wands
 o - a wand of flame (15)
Scrolls
 e - 3 scrolls of identify {unknown}
 f - a scroll of remove curse {unknown}
 g - a scroll of magic mapping {unknown}
 i - a scroll of amnesia {unknown}
 j - 2 scrolls of enchant armour {unknown}
 k - a scroll of teleportation {unknown}
 l - a scroll of noise {unknown}
 p - a scroll of immolation {unknown}
Potions
 d - a potion of might {unknown}
 h - a potion of mutation {unknown}
 n - a potion of curing {unknown}
Comestibles
 c - 3 rations
 m - 3 chunks of flesh


   Skills:
 - Level 3.2 Fighting
 + Level 3.7 Maces & Flails
 - Level 2.1 Armour
 - Level 0.8 Dodging
 - Level 2.1 Invocations


You had 2 spell levels left.
You didn't know any spells.
Your spell library was empty.

Dungeon Overview and Level Annotations

Branches:
Dungeon (2/15)

Altars:


Innate Abilities, Weirdness & Mutations

You cannot be hasted, slowed, berserked, paralysed or teleported.
You can dig through walls and to a lower floor.
Your four strong arms can wield two-handed weapons with a shield.
You have a pair of large antennae on your head. (SInv)


Message History

Some of the chunks of flesh in your inventory have rotted away.
You hit the adder.
The adder is heavily wounded.
The adder bites you. The leopard gecko barely misses you. The worm bites you!
* * * LOW HITPOINT WARNING * * *
The adder misses you.
You are too injured to fight recklessly!
You are too injured to fight recklessly!
You are too injured to fight recklessly!
You are too injured to fight recklessly!
You are too injured to fight recklessly!
You are too injured to fight recklessly!
You are too injured to fight recklessly!
You are too injured to fight recklessly!
You are too injured to fight recklessly!
You are too injured to fight recklessly!
You are too injured to fight recklessly!
You are too injured to fight recklessly!
The leopard gecko bites you.
You die...

#...#####.#
#......##.###
#.....>##...#
##..........#
#......###..#
##....รท# #..#
###.### #..# #.#
#..# ##.###@##
#..# {
.......lS# ....
.##.##.w......<.
.............
.?.............
##.............
#.##.......?..
... ...........
## ............


You could see a worm, an adder and a leopard gecko.

Vanquished Creatures
  An ooze (D:1)
  A worm (D:2)
  A giant cockroach (D:2)
  7 goblins
  2 hobgoblins (D:1)
  2 bats
  3 frilled lizards (D:1)
  6 kobolds
  7 rats (D:1)
30 creatures vanquished.

Notes
Turn   | Place    | Note
-------+----------+-------------------------------------------
     0 | Abyss:1  | MisterFreud the Formicid Abyssal Knight began the quest for
                  | the Orb.
     0 | Abyss:1  | Reached XP level 1. HP: 18/18 MP: 2/2
    57 | Abyss:1  | Noticed a smoke demon
    59 | D:1      | Escaped the Abyss
   189 | D:1      | Reached XP level 2. HP: 18/24 MP: 3/3
   195 | D:1      | Reached * piety under Lugonu
   624 | D:1      | Reached XP level 3. HP: 27/29 MP: 4/4
  1274 | D:2      | Slain by a leopard gecko

Levels and vault maps discovered:
D:1:      moated_graveyard_arrival, layout_basic
D:2:      layout_loops_ring, kennysheep_cluttered_room, minmay_quantized,
          uniq_crazy_yiuf_cottage

Skill      XL: |  1  2 |
---------------+-------+-----
Maces & Flails | 3 |  3.7
Fighting       | |  3.2
Armour         | |  2.1
Dodging        | |  0.8
Invocations    | |  2.1

Action                   || total
-------------------------++-------
Melee: Mace              ||    93
Invok: Depart the Abyss  ||     1
  Eat: Chunk             ||     1
Armor: Leather armour    ||    31
Dodge: Dodged            ||    58

Table legend:
 A = Non-vault XP
 B = Vault XP
 C = Vault XP percentage of total XP
 D = Non-vault monster count
 E = Vault monster count
 F = Vault count percentage of total count
                 A         B        C        D         E       F
            +---------+---------+-------+---------+---------+-------
      Total |      54 |       0 |   0.0 |      30 |       0 |   0.0
            +---------+---------+-------+---------+---------+-------
        D:1 |      43 |       0 |   0.0 |      25 |       0 |   0.0
        D:2 |      11 |       0 |   0.0 |       5 |       0 |   0.0
            +---------+---------+-------+---------+---------+-------
